 Dungeon Crawl Stone Soup version 0.18.1-6-gd335043 (webtiles) character file.

74 Gingerlord the Skirmisher (level 4, 0/37 HPs)
             Began as a Formicid Abyssal Knight on May 17, 2016.
             Was a Follower of Lugonu.
             Slain by an orc
             ... wielding a +0 trident
              (4 damage)
             ... on level 3 of the Dungeon.
             The game lasted 00:03:12 (1934 turns).

Gingerlord the Skirmisher (Formicid Abyssal Knight) Turns: 1934, Time: 00:03:14

Health: 0/37       AC:  5    Str: 16    XL:     4   Next: 54%
Magic:  5/5        EV: 11    Int: 12    God:    Lugonu [*.....]
Gold:   113        SH:  0    Dex: 11    Spells: 0 memorised, 3 levels left

rFire  . . .     SeeInvis +     a - +1 falchion
rCold  . . .     Gourm    .     e - +0 ring mail
rNeg   . . .     Faith    .     (no shield)
rPois  .         Spirit   .     (helmet unavailable)
rElec  .         Dismiss  .     (no cloak)
rCorr  .         Reflect  .     (no gloves)
SustAt .         Harm     .     (no boots)
MR     .....                    (no amulet)
Stlth  +.........               (no ring)
                                (no ring)

@: not resistant to hostile enchantments, very unstealthy
A: permanent stasis, dig shafts and tunnels, four strong arms, antennae 3
a: Dig, Shaft Self, Depart the Abyss, Renounce Religion


You were on level 3 of the Dungeon.
You worshipped Lugonu.
Lugonu was aware of your devotion.
You were hungry.

You visited 1 branch of the dungeon, and saw 3 of its levels.
You visited the Abyss 1 time.

You collected 113 gold pieces.

Inventory:

Hand Weapons
 a - a +1 falchion (weapon)
Armour
 e - a +0 ring mail (worn)
Scrolls
 d - 2 scrolls of identify {unknown}
 g - 3 scrolls of remove curse {unknown}
 h - a scroll of recharging {unknown}
 l - a scroll of teleportation {unknown}
Potions
 b - a potion of berserk rage {unknown}
 i - a potion of brilliance {unknown}
Comestibles
 c - 5 bread rations
 f - a beef jerky
 j - a slice of pizza
 k - a meat ration


   Skills:
 + Level 4.1 Fighting
 + Level 2.4 Long Blades
 + Level 2.9 Armour
 + Level 1.7 Dodging
 + Level 2.5 Invocations


You had 3 spell levels left.
You didn't know any spells.

Dungeon Overview and Level Annotations

Branches:
Dungeon (3/15)

Altars:
Okawaru


Innate Abilities, Weirdness & Mutations

You are under a permanent stasis effect.
You can dig through walls and to a lower floor.
Your four strong arms can wield two-handed weapons with a shield.
You have a pair of large antennae on your head (SInv).


Message History

The orc wizard is severely wounded.
The orc wizard points at you and mumbles some strange words.
The puff of flame hits you!
* * * LOW HITPOINT WARNING * * *
The orc completely misses you.
Unknown command.
You are too injured to fight recklessly!
Unknown command.
You are too injured to fight recklessly!
Unknown command.
You are too injured to fight recklessly!
Unknown command.
Unknown command.
You barely miss the orc wizard.
The orc wizard is severely wounded.
The orc wizard hits you with a dagger.
* * * LOW HITPOINT WARNING * * *
The orc wizard hits you but does no damage.
The orc hits you from afar with a trident.
You die... ####.#.# #.........##.<....# +.........+......†### .........##........# ....... ##.....#.# ..... #####...# oo.

##.## #o# #.# #@# #.#
#.# #.# ##.## #.#
##...## #.# #.....####
#.# ##.......# #.# .
#..####.#######.#
...###..##...........#
...........#.#########


You could see an orc wizard and 2 orcs.

Vanquished Creatures
  2 adders (D:2)
  3 worms (D:2)
  2 dart slugs (D:2)
  2 giant geckos
  2 orcs (D:3)
  A ball python (D:2)
  2 giant cockroaches (D:2)
  2 goblins (D:1)
  5 hobgoblins
  4 jackals
  2 kobolds
  5 bats
  5 giant newts
  3 rats
40 creatures vanquished.

Notes
Turn   | Place    | Note
--------------------------------------------------------------
     0 | Abyss:1  | Gingerlord the Formicid Abyssal Knight began the quest for the Orb.
     0 | Abyss:1  | Reached XP level 1. HP: 18/18 MP: 2/2
     5 | Abyss:1  | Found a deep blue altar of Sif Muna.
    79 | Abyss:1  | Noticed a starcursed mass
    81 | D:1      | Escaped the Abyss
   462 | D:1      | Reached XP level 2. HP: 24/24 MP: 3/3
   464 | D:1      | Reached * piety under Lugonu
   852 | D:2      | Reached skill level 1 in Dodging
   852 | D:2      | Reached XP level 3. HP: 22/30 MP: 4/4
   925 | D:2      | Reached skill level 4 in Fighting
  1468 | D:2      | Found an iron altar of Okawaru.
  1489 | D:2      | Reached XP level 4. HP: 28/37 MP: 5/5
  1934 | D:3      | Slain by an orc

Skill      XL: |  1  2  3 |
---------------+----------+-----
Dodging        | 1 |  1.7
Fighting       | 4 |  4.1
Long Blades    | |  2.4
Armour         | |  2.9
Invocations    | |  2.5

Action                   |  1- 3 |  4- 6 || total
-------------------------+-------+-------++-------
Melee: Falchion          |    76 |    64 ||   140
Invok: Depart the Abyss  |     1 |       ||     1
  Eat: Chunk             |     1 |     2 ||     3
Armor: Ring mail         |    32 |    23 ||    55
Dodge: Dodged            |    31 |    39 ||    70
